 Dungeon Crawl Stone Soup version 0.28.0 (webtiles) character file.

Game seed: 5140708443463566516

234 Sanktem7 the Slasher (level 5, -8/47 HPs)
             Began as a Minotaur Fighter on Feb 9, 2022.
             Mangled by a gnoll (9 damage)
             ... on level 3 of the Dungeon.
             The game lasted 00:02:02 (1665 turns).

Sanktem7 the Slasher (Minotaur Fighter)             Turns: 1665, Time: 00:02:04

Health: -8/47      AC:  7    Str: 23    XL:     5   Next: 75%
Magic:  4/4        EV:  9    Int:  5    God:
Gold:   58         SH:  4    Dex:  9    Spells: 4/4 levels left

rFire   . . .      SeeInvis .   a - +0 long sword
rCold   . . .      Faith    .   c - +0 buckler
rNeg    . . .      Spirit   .   b - +0 scale mail
rPois   .          Reflect  .   (helmet restricted)
rElec   .          Harm     .   (no cloak)
rCorr   .          Rampage  .   (no gloves)
Will    .....                   (no boots)
Stlth   ..........              (no amulet)
HPRegen 0.15/turn               (no ring)
MPRegen 0.09/turn               (no ring)

@: no status effects
A: horns 2, retaliatory headbutt
a: no special abilities


You were on level 3 of the Dungeon.
You visited 1 branch of the dungeon, and saw 3 of its levels.

You collected 58 gold pieces.

Inventory:

Hand Weapons
 a - a +0 long sword (weapon)
Armour
 b - a +0 scale mail (worn)
 c - a +0 buckler (worn)
Scrolls
 g - a scroll of noise {unknown}
 h - a scroll of vulnerability {unknown}
 i - a scroll of blinking {unknown}
 j - a scroll of enchant weapon {unknown}
 k - a scroll of silence {unknown}
 m - a scroll of amnesia {unknown}
 n - a scroll of enchant armour {unknown}
 o - a scroll of fog {unknown}
Potions
 d - a potion of might
 e - a potion of ambrosia {unknown}
 f - a potion of attraction {unknown}
 l - a potion of cancellation {unknown}


   Skills:
 * Level 4.7 Fighting
 * Level 5.5 Long Blades
 * Level 5.1 Armour
 + Level 0.4 Dodging
 - Level 3.6 Shields


You had 4 spell levels left.
You didn't know any spells.
Your spell library contained the following spells:

 Spells                   Type           Power      Damage    Failure   Level
 Tukima's Dance           Hex            0%         N/A       99%         3
 Anguish                  Hex/Necr       0%         N/A       100%        4
 Enfeeble                 Hex            0%         N/A       100%        7


Dungeon Overview and Level Annotations

Branches:
Dungeon (3/15)

Altars:


Innate Abilities, Weirdness & Mutations

You have a pair of horns on your head.
You reflexively headbutt those who attack you in melee.


Message History

There are monsters nearby!
There are monsters nearby! 2 gnolls come into view.
Found a scroll labelled BULIALEERE.
The gnoll shouts! x2
The gnoll barely misses you.
The gnoll hits you from afar with a +0 halberd!
You closely miss the gnoll. The gnoll closely misses you.
You furiously retaliate!
You headbutt the gnoll! The gnoll misses you.
You barely miss the gnoll. You headbutt the gnoll.
The gnoll is severely wounded.
The gnoll throws a throwing net.
The throwing net hits you.
You become entangled in the net!
You struggle against the net.
The gnoll hits you with a +0 club.
The gnoll hits you from afar with a +0 spear.
You struggle against the net.
The gnoll hits you but does no damage. x2
The gnoll hits you from afar with a +0 spear.
You shred the net and break free! The gnoll hits you with a +0 club.
The gnoll completely misses you. The gnoll hits you but does no damage.
The gnoll barely misses you.
You slash the gnoll!
You kill the gnoll!
You block the gnoll's attack.
The gnoll hits you from afar with a +0 halberd.
The gnoll hits you from afar with a +0 spear.
The gnoll hits you from afar with a +0 halberd.
The gnoll hits you from afar with a +0 spear.
* * * LOW HITPOINT WARNING * * *
You see here a +0 club.
The gnoll hits you with a +0 halberd.
* * * LOW HITPOINT WARNING * * *
The gnoll misses you.
You hit the gnoll.
The gnoll is moderately wounded.
The gnoll hits you with a +0 halberd.
* * * LOW HITPOINT WARNING * * *
The gnoll hits you from afar with a +0 halberd.
* * * LOW HITPOINT WARNING * * *
The gnoll hits you with a +0 halberd!
You die...

#.. ....## #.. .....#
#.. .....# #[. .....##
#..#..?.... #..g.....#
#.......# ###g#####
#...g@.# ####### .
#.#.##.# #.....# #
#.#.##.# #.....# # #
#..#.# #.....# # #
##.#.# #.....# #
#.##.#.# #.....# #
#......# ###.##### #
####.######.......####
#.# #............#


You could see 2 gnolls.

Vanquished Creatures
  Sigmund (D:2)
  Crazy Yiuf (D:2)
  A gnoll (D:3)
  3 dart slugs (D:1)
  8 ball pythons
  4 endoplasms
  3 giant cockroaches
  3 goblins
  5 hobgoblins
  A quokka (D:1)
  A bat (D:1)
  A frilled lizard (D:2)
  5 kobolds (D:1)
  2 rats
39 creatures vanquished.

Notes
Turn   | Place    | Note
-------+----------+-------------------------------------------
     0 | D:1      | Sanktem7 the Minotaur Fighter began the quest for the Orb.
     0 | D:1      | Reached XP level 1. HP: 19/19 MP: 0/0
    84 | D:1      | Found a faded altar of an unknown god.
   117 | D:1      | Reached XP level 2. HP: 27/27 MP: 1/1
   578 | D:1      | Reached XP level 3. HP: 33/33 MP: 2/2
  1161 | D:2      | Noticed Sigmund
  1170 | D:2      | Killed Sigmund
  1171 | D:2      | Reached skill level 5 in Long Blades
  1171 | D:2      | Reached skill level 5 in Armour
  1171 | D:2      | Reached XP level 4. HP: 24/41 MP: 3/3
  1171 | D:2      | Reached XP level 5. HP: 28/47 MP: 4/4
  1458 | D:2      | Found a runed translucent door.
  1459 | D:2      | Noticed Crazy Yiuf
  1512 | D:2      | Killed Crazy Yiuf
  1665 | D:3      | HP: 1/47 [gnoll (4)]
  1665 | D:3      | Mangled by a gnoll

Illustrated notes

Levels and vault maps discovered:
D:1:      saegor_arrival_simple_a, layout_loops_ring,
          hellmonk_ecumenical_altar_run_dry, minmay_pentomino_u4
D:2:      layout_loops_cross, uniq_sigmund, uniq_crazy_yiuf_cottage
D:3:      layout_loops_cross, roderic_three_in_a_row, uniq_natasha

Skill      XL: |  1  2  3 |
---------------+----------+-----
Armour         | 4 5 |  5.1
Fighting       | 4 |  4.7
Long Blades    | 3 5 |  5.5
Dodging        | |  0.4
Shields        | |  3.6

Action                   |  1- 3 |  4- 6 || total
-------------------------+-------+-------++-------
Melee: Long sword        |    68 |     8 ||    76
       Headbutt          |     8 |     3 ||    11
Armor: Scale mail        |    31 |     3 ||    34
Dodge: Dodged            |    37 |     7 ||    44
Block: Buckler           |    13 |     2 ||    15
